 Dungeon Crawl Stone Soup version 0.28-a0-643-g84cb2ea78e (webtiles) character file.

Game seed: 13021359241439518409

1339 KoroneIsBestGirl the Chiller (level 8, 0/52 HPs)
             Began as a Barachi Ice Elementalist on Oct 11, 2021.
             Was an Initiate of Gozag.
             Killed by divine providence
             ... invoked by an orc priest
              (12 damage)
             ... on level 6 of the Dungeon.
             The game lasted 00:08:17 (7114 turns).

KoroneIsBestGirl the Chiller (BaIE)                 Turns: 7114, Time: 00:08:19

Health: 0/52       AC:  2    Str: 10    XL:     8   Next: 61%
Magic:  15/15      EV: 13    Int: 18    God:    Gozag
Gold:   205        SH:  0    Dex: 12    Spells: 13/17 levels left

rFire   . . .      SeeInvis .   r - +8 trident of Dissolution {vorpal, rC+ Will+}
rCold   + . .      Faith    .   (no shield)
rNeg    . . .      Spirit   .   a - +0 robe
rPois   .          Reflect  .   (no helmet)
rElec   .          Harm     .   (no cloak)
rCorr   .          Rampage  .   (no gloves)
Will    +....                   (no boots)
Stlth   ++........              (no amulet)
HPRegen 0.17/turn               (no ring)
MPRegen 0.14/turn               (no ring)

@: lethally poisoned (0 -> -13), gold aura, unable to hop, slow
A: amphibious, slowness 1, strong legs 1, +LOS
a: Hop, Renounce Religion, Potion Petition, Call Merchant, Bribe Branch


You were on level 6 of the Dungeon.
You worshipped Gozag.
Gozag was aware of your devotion.
You visited 2 branches of the dungeon, and saw 7 of its levels.

You collected 294 gold pieces.
You paid 89 gold pieces to Gozag.

Inventory:

Hand Weapons
 d - a +0 short sword
 n - a +2 dagger of venom
 r - the +8 trident of Dissolution (weapon) {vorpal, rC+ Will+}
   (You acquired it on level 4 of the Dungeon)

   It inflicts extra damage upon your enemies.
   rC:        It protects you from cold.
   Will:      It increases your willpower.
Armour
 a - a +0 robe (worn)
Jewellery
 q - a ring of positive energy
Wands
 o - a wand of acid (3)
Scrolls
 b - a scroll of acquirement
 c - 2 scrolls of vulnerability {unknown}
 h - 2 scrolls of immolation
 i - a scroll of torment
 j - a scroll of blinking
 k - a scroll of noise {unknown}
 p - a scroll of summoning {unknown}
 s - a scroll of identify
 t - a scroll of teleportation {unknown}
Potions
 e - a potion of cancellation {unknown}
 f - 6 potions of curing {unknown}
 g - a potion of heal wounds {unknown}
 l - 2 potions of flight {unknown}
 m - 2 potions of brilliance {unknown}


   Skills:
 - Level 2.1 Short Blades
 * Level 6.1 Polearms
 - Level 5.1 Dodging
 - Level 1.8 Stealth
 - Level 5.0 Spellcasting
 - Level 7.2 Ice Magic


You had 13 spell levels left.
You knew the following spells:

 Your Spells              Type           Power      Damage    Failure   Level
a - Freeze                Ice            100%       1d11      1%          1
b - Frozen Ramparts       Ice            60%        1d8       1%          3

Your spell library contained the following spells:

 Spells                   Type           Power      Damage    Failure   Level
 Ozocubu's Armour         Ice            30%        N/A       1%          3
 Blink                    Tloc           N/A        N/A       21%         2
 Hailstorm                Conj/Ice       17%        3d6       30%         4
 Passage of Golubria      Tloc           N/A        N/A       78%         4
 Manifold Assault         Tloc           4%         N/A       98%         5
 Silence                  Hex/Air        2%         N/A       98%         5
 Storm Form               Tmut/Air       2%         N/A       100%        7
 Lehudib's Crystal Spear  Conj/Erth      2%         10d2      100%        8


Dungeon Overview and Level Annotations

Branches:
Dungeon (6/15)             Temple (1/1) D:5

Altars:
Ashenzari
Cheibriados
Dithmenos
Elyvilon
Fedhas
Gozag
Hepliaklqana
Kikubaaqudgha
Nemelex Xobeh
Qazlal
Sif Muna
Trog
Uskayaw
Wu Jian
Xom
Zin
The Shining One

Shops:
D:1 (   D:3 ([[[:   D:4 *

Annotations:
D:2 1 runed translucent door, Crazy Yiuf
D:5 2 transporters, willcat's ghost, weakling HuDe


Innate Abilities, Weirdness & Mutations

You are amphibious.
You cover ground slowly.
You can hop short distances.
You have an extended range of vision and can be seen from far away.


Message History

The orc wizard hits you with a +1 dagger of venom.
You are more poisoned.
An orc comes into view. It is wielding a +0 club.
You hit the orc wizard.
You kill the orc wizard!
You feel very sick.
The orc priest invokes the aid of Beogh against you.
Beogh smites you!
You are too injured to fight recklessly!
You are too injured to fight recklessly!
You are too injured to fight recklessly!
You are too injured to fight recklessly!
You are too injured to fight recklessly!
You are too injured to fight recklessly!
You are too injured to fight recklessly!
You are too injured to fight recklessly!
You are too injured to fight recklessly!
You are too injured to fight recklessly!
You are too injured to fight recklessly!
You are too injured to fight recklessly!
You are too injured to fight recklessly!
You are too injured to fight recklessly!
You are too injured to fight recklessly!
You are too injured to fight recklessly!
You are too injured to fight recklessly!
You are too injured to fight recklessly!
You are too injured to fight recklessly!
Unknown command.
Hop to where?
Press: ? - help, Dir - move target Boing!
You feel very sick.
The orc is distracted by your dazzling golden aura.
* * * LOW HITPOINT WARNING * * *
You feel very sick.
The orc is no longer distracted by gold.
The orc priest invokes the aid of Beogh against you.
Beogh smites you!
You die...
Your body crumbles into a pile of gold.

### #####
o.. ...# ..
#.#######.#
#.@$$..ooo#
#$#########
#.....<.#
#.#####.#
#.# #.# #.#
#.# ..# #.#
### #.# #.#


You could see an orc priest and 2 orcs.

Vanquished Creatures
  A water moccasin (D:5)
  Duvessa (D:4)
  A necrophage (D:5)
  2 ogres
  A centaur (D:5)
  2 scorpions
  Dowan (D:4)
  A bullfrog zombie (D:5)
  3 hounds (D:5)
  4 orc priests
  Jessica (D:3)
  5 orc wizards
  Natasha (twice) (D:2)
  Terence (D:3)
  A hound skeleton (D:4)
  A howler monkey zombie (D:5)
  6 adders
  An ufetubus (D:3)
  2 dart slugs
  11 orcs
  3 bats
  6 endoplasms
  2 giant cockroaches
  6 goblins
  6 hobgoblins
  5 jackals
  10 kobolds
  3 quokkas
  3 ball pythons
  5 frilled lizards
  5 rats
102 creatures vanquished.

Vanquished Creatures (others)
  6 plants (D:5)
6 creatures vanquished.

Grand Total: 108 creatures vanquished

Notes
Turn   | Place    | Note
-------+----------+-------------------------------------------
     0 | D:1      | KoroneIsBestGirl the Barachi Ice Elementalist began the
                  | quest for the Orb.
     0 | D:1      | Reached XP level 1. HP: 13/13 MP: 3/3
   141 | D:1      | Reached skill level 5 in Ice Magic
   474 | D:1      | Reached XP level 2. HP: 19/19 MP: 3/5
   861 | D:1      | Found Fuqyani's Weapon Shoppe.
  1342 | D:2      | Found a faded altar of an unknown god.
  1384 | D:2      | Reached skill level 1 in Short Blades
  1384 | D:2      | Reached XP level 3. HP: 21/24 MP: 1/6
  2275 | D:2      | Found a runed translucent door.
  2276 | D:2      | Noticed Crazy Yiuf
  2370 | D:2      | Learned a level 3 spell: Frozen Ramparts
  2544 | D:2      | Noticed Natasha
  2551 | D:2      | Killed Natasha
  2552 | D:2      | Reached XP level 4. HP: 20/30 MP: 2/8
  2772 | D:2      | Noticed Natasha
  2777 | D:2      | Killed Natasha
  2930 | D:3      | Found Erofol's Antique Weapon Shop.
  3044 | D:3      | Noticed Jessica
  3057 | D:3      | Killed Jessica
  3058 | D:3      | Reached XP level 5. HP: 23/35 MP: 0/9
  3328 | D:3      | Noticed Terence
  3335 | D:3      | Killed Terence
  3494 | D:3      | Found Xauzxil's Armour Boutique.
  3507 | D:3      | Found Foned's Armour Boutique.
  3665 | D:3      | Found Hecemesk's Antique Armour Shoppe.
  3672 | D:3      | Reached skill level 6 in Ice Magic
  3869 | D:3      | Found Waigydagg's Book Boutique.
  4095 | D:4      | Reached XP level 6. HP: 20/41 MP: 7/11
  4315 | D:4      | Noticed Duvessa
  4320 | D:4      | Killed Duvessa
  4322 | D:4      | Noticed Dowan
  4334 | D:4      | Killed Dowan
  4793 | D:4      | Found Xeukopsa's Assorted Antiques.
  4813 | D:4      | Reached XP level 7. HP: 42/46 MP: 13/13
  4897 | D:4      | Reached skill level 7 in Ice Magic
  5036 | D:4      | Identified 2 scrolls of acquirement
  5036 | D:4      | Acquired the +8 trident of Dissolution {vorpal, rC+ Will+}
  5410 | D:5      | Entered Level 5 of the Dungeon
  5425 | D:5      | Noticed willcat's ghost (weakling HuDe)
  5426 | D:5      | Identified the +5 trident of Mayhem {venom, Fly rElec rC-
                  | rN+++}
  5438 | D:5      | Found a transporter.
  5469 | D:5      | Found a staircase to the Ecumenical Temple.
  5512 | Temple   | Entered the Ecumenical Temple
  5822 | D:5      | Reached skill level 1 in Polearms
  5822 | D:5      | Reached skill level 5 in Dodging
  6303 | D:5      | Reached skill level 5 in Spellcasting
  6303 | D:5      | Reached XP level 8. HP: 47/52 MP: 15/15
  6522 | D:5      | Found an opulent altar of Gozag.
  6643 | D:5      | Became a worshipper of Gozag Ym Sagoz the Greedy
  6843 | D:5      | Reached skill level 5 in Polearms
  7006 | D:5      | Found a transporter.
  7114 | D:6      | Killed from afar by an orc priest

Illustrated notes

Levels and vault maps discovered:
D:1:      lemuel_arrival_broad_hall, layout_loops_cross, serial_shops,
          nicolae_shop_temple_entry_statues_fountains
D:2:      layout_basic, shapermc_ecumenical_altar_mp_vishouse, minmay_vboxes,
          uniq_crazy_yiuf_cottage, uniq_natasha
D:3:      layout_loops_ring, serial_shops, nicolae_shop_crystal, shop, shop,
          nicolae_shop_behind_doors, nicolae_shop_stone, uniq_jessica,
          uniq_terence
D:4:      layout_basic, serial_shops, nicolae_shop_trees, uniq_duvessa
D:5:      layout_loops_corners, grunt_gozag_breadcrumbs,
          minmay_temple_entry_waves, gammafunk_ghost_gnarly_gnolls
D:6:      layout_loops_ring
Temple:   nicolae_temple_x_marks_the_god

Skill      XL: |  1  2  3  4  5  6  7  8 |
---------------+-------------------------+-----
Ice Magic      | 5 6 7 |  7.2
Short Blades   | 1 2 |  2.1
Dodging        | 3 4 5 |  5.1
Spellcasting   | 3 4 5 |  5.0
Polearms       | 3 6 |  6.1
Stealth        | |  1.8

Action                   |  1- 3 |  4- 6 |  7- 9 || total
-------------------------+-------+-------+-------++-------
Melee: Short sword       |    19 |    10 |       ||    29
       Dagger            |       |    13 |       ||    13
       Trident           |       |       |    63 ||    63
 Cast: Freeze            |    48 |    48 |     3 ||    99
       Frozen Ramparts   |     1 |     5 |     5 ||    11
 Abil: Hop               |       |       |     1 ||     1
  Use: Scroll            |       |       |     4 ||     4
 Stab: Distracted        |     1 |       |       ||     1
       Sleeping          |       |       |     1 ||     1
Armor: Robe              |    12 |     5 |     7 ||    24
Dodge: Dodged            |    37 |    46 |    29 ||   112

Table legend: (Time is in decaauts)
 A = Elapsed time spent in this place.
 B = Non-inter-level travel time spent in this place.
 C = Inter-level travel time spent in this place.
 D = Time resting spent in this place.
 E = Time spent auto-exploring this place.
 F = Levels seen in this place.
 G = Mean time per level.
                   A        B        C        D        E       F      G
               +--------+--------+--------+--------+--------+-----+--------+
         Total |   7884 |   7612 |    272 |     22 |   6798 |   7 | 1126.3 |
       Dungeon |   7728 |   7464 |    264 |     22 |   6658 |   6 | 1288.0 |
        Temple |    156 |    148 |      8 |      0 |    140 |   1 |  156.0 |
               +--------+--------+--------+--------+--------+-----+--------+

Top non-repeatable levels by time:
     D:2: 1879 daAuts
     D:5: 1693 daAuts
     D:4: 1531 daAuts
     D:3: 1365 daAuts
     D:1: 1215 daAuts
  Temple: 156 daAuts
     D:6: 43 daAuts
